 Dungeon Crawl Stone Soup version 0.27.1-34-g3ba077fa99 (webtiles) character file.

Game seed: 16760928039508865424

227 sankara the Insei (level 5, -6/40 HPs)
             Began as a Draconian Transmuter on Jan 18, 2022.
             Killed by nerve-wracking pain
             ... invoked by Grinder
              (13 damage)
             ... while paralysed by Grinder
             ... on level 3 of the Dungeon.
             The game lasted 00:06:10 (3130 turns).

sankara the Insei (Draconian Transmuter)            Turns: 3130, Time: 00:06:11

Health: -6/40      AC:  6    Str: 12    XL:     5   Next: 70%
Magic:  16/17      EV:  2    Int: 13    God:
Gold:   128        SH:  0    Dex: 13    Spells: 2/8 levels left

rFire    . . .     SeeInvis .     - Unarmed
rCold    . . .     Faith    .   (no shield)
rNeg     . . .     Spirit   .   (armour unavailable)
rPois    .         Reflect  .   (helmet restricted)
rElec    .         Harm     .   (no cloak)
rCorr    +         Rampage  .   f - +0 pair of gloves
Will     .....                  (no boots)
Stlth    +.........             (no amulet)
HPRegen  0.13/turn              e - ring of magical power
MPRegen  0.15/turn              o - ring of resist corrosion

@: paralysed
A: AC +5, unfitting armour, cold-blooded
a: no special abilities


You were on level 3 of the Dungeon.
You visited 1 branch of the dungeon, and saw 3 of its levels.

You collected 128 gold pieces.

Inventory:

Hand Weapons
 k - a +0 hunting sling
Missiles
 d - 152 stones
 i - 16 sling bullets
 l - 30 poisoned darts
Armour
 f - a +0 pair of gloves (worn)
Jewellery
 e - a ring of magical power (left hand)
 o - a ring of resist corrosion (right hand)
Scrolls
 a - a scroll of magic mapping {unknown}
 c - 2 scrolls of identify {unknown}
 h - a scroll of enchant weapon {unknown}
 m - a scroll of enchant armour {unknown}
 n - 2 scrolls of teleportation {unknown}
Potions
 b - 2 potions of resistance {unknown}
 g - a potion of magic {unknown}
 j - 3 potions of curing {unknown}


   Skills:
 - Level 1.1 Fighting
 - Level 1.7 Dodging
 + Level 4.4 Unarmed Combat
 - Level 2.0 Spellcasting
 * Level 4.0 Transmutations
 * Level 2.7 Poison Magic


You had 2 spell levels left.
You knew the following spells:

 Your Spells              Type           Power      Damage    Failure   Level
a - Beastly Appendage     Tmut           22%        N/A       4%          1
b - Wereblood             Tmut           11%        N/A       8%          2
c - Spider Form           Tmut/Pois      5%         N/A       19%         3

Your spell library contained the following spells:

 Spells                   Type           Power      Damage    Failure   Level
 Blink                    Tloc           N/A        N/A       36%         2
 Lesser Beckoning         Tloc           0%         N/A       58%         3
 Ice Form                 Ice/Tmut       6%         N/A       73%         4
 Manifold Assault         Tloc           1%         N/A       100%        5


Dungeon Overview and Level Annotations

Branches:
Dungeon (3/15)

Altars:

Shops:
D:3 ?

Annotations:
D:3 Grinder


Innate Abilities, Weirdness & Mutations

Your plain brown scales are hard. (AC +5)
You cannot fit into any form of body armour.
You are cold-blooded and may be slowed by cold attacks.


Message History

The worm misses you.
You hit the worm.
The worm looks as sick as possible!
The worm is severely wounded.
A kobold comes into view.
It is wielding a +3 dagger of electrocution.
The kobold shouts!
You hit the worm.
You kill the worm!
The bat closely misses you.
Your Transmutations skill increases to level 4!
Found 3 gold pieces.
The bat barely misses you. x2
The bat closely misses you.
Grinder comes into view.
There is an open door here.
The bat barely misses you. The bat hits you but does no damage.
Grinder blinks!
You barely miss the bat. The bat misses you.
The bat hits you but does no damage.
Grinder says, "Tell me all your secrets, or I'll kill you."
You hit the bat.
You kill the bat!
The bat misses you.
Grinder blinks!
You hit the bat.
You kill the bat!
Your transformation has ended.
Your +0 pair of gloves unmelds from your body.
Grinder gestures at you. Pain shoots through your body!
You see here a bat corpse.
You hit Grinder but do no damage. Grinder gestures at you.
You suddenly lose the ability to move!
Grinder says, "I used to sell toenails on the black market."
Grinder hits you.
You writhe in agony.
Grinder hits you but does no damage.
The kobold hits you with a +3 dagger of electrocution.
Grinder hits you!
You writhe in agony.
The kobold hits you but does no damage.
You are electrocuted!
* * * LOW HITPOINT WARNING * * *
Grinder gestures at you. Pain shoots through your body!
You die...

#.# #.##.......#
#.# #..........#
#.# ####.......#
#.# #####.#.....
#.# #.######
#######'#....#
....$........#
.......?†K...#
.........@...#
..........5.....#
.............##.#
.............#
...............
............####
...........#
#+#...#.... .


You could see Grinder and a kobold.

Vanquished Creatures
  A scorpion (D:3)
  Jessica (D:3)
  Terence (D:2)
  Robin (D:3)
  2 adders
  3 worms
  2 dart slugs (D:2)
  8 bats
  4 endoplasms
  5 giant cockroaches
  14 goblins
  7 hobgoblins
  3 jackals (D:1)
  3 quokkas
  3 ball pythons
  2 frilled lizards
  6 kobolds
  7 rats
73 creatures vanquished.

Vanquished Creatures (others)
  4 toadstools (D:1)
4 creatures vanquished.

Grand Total: 77 creatures vanquished

Notes
Turn   | Place    | Note
-------+----------+-------------------------------------------
     0 | D:1      | sankara the Draconian Transmuter began the quest for the
                  | Orb.
     0 | D:1      | Reached XP level 1. HP: 16/16 MP: 3/3
   284 | D:1      | Found a faded altar of an unknown god.
   293 | D:1      | Reached XP level 2. HP: 15/23 MP: 5/5
   303 | D:1      | Learned a level 2 spell: Wereblood
   964 | D:1      | Reached XP level 3. HP: 28/28 MP: 6/6
  1014 | D:1      | Learned a level 3 spell: Spider Form
  1301 | D:2      | Noticed Terence
  1310 | D:2      | Killed Terence
  1311 | D:2      | Reached skill level 1 in Poison Magic
  1311 | D:2      | Reached XP level 4. HP: 26/35 MP: 7/7
  2401 | D:3      | Found Pufrow's Magic Scroll Emporium.
  2401 | D:3      | Noticed Jessica
  2410 | D:3      | Killed Jessica
  2547 | D:3      | Noticed a scorpion
  2559 | D:3      | Killed a scorpion
  2560 | D:3      | Reached XP level 5. HP: 31/40 MP: 8/8
  2998 | D:3      | Noticed Robin
  3021 | D:3      | Killed Robin
  3119 | D:3      | Noticed Grinder
  3126 | D:3      | Paralysed by Grinder for 7 turns
  3130 | D:3      | Killed from afar by Grinder

Illustrated notes

Levels and vault maps discovered:
D:1:      ldierk_water_garden, layout_loops_cross, basic_ecumenical_altar,
          corner_web_ring, minmay_worlds_worst_comb
D:2:      layout_loops_ring, minmay_mini_jars, uniq_terence
D:3:      layout_basic, serial_shops, nicolae_shop_waterfront, minivault_5,
          dk_noncrumbling_3, uniq_robin, uniq_sigmund, uniq_grinder,
          uniq_jessica

Skill      XL: |  1  2  3  4  5 |
---------------+----------------+-----
Unarmed Combat | 4 |  4.4
Transmutations | 3 4 |  4.0
Poison Magic   | 1 2 |  2.7
Fighting       | |  1.1
Dodging        | |  1.7
Spellcasting   | |  2.0

Action                   |  1- 3 |  4- 6 || total
-------------------------+-------+-------++-------
Melee: Unarmed           |   103 |    93 ||   196
       Kick              |    12 |       ||    12
       Headbutt          |    10 |       ||    10
       Tailslap          |     7 |     1 ||     8
       Punch             |       |     1 ||     1
 Cast: Beastly Appendage |    22 |       ||    22
       Spider Form       |     2 |    15 ||    17
       Wereblood         |       |     1 ||     1
 Stab: Sleeping          |       |     2 ||     2
Armor: Skin              |    28 |    12 ||    40
Dodge: Dodged            |    84 |    71 ||   155
